Map: Central Protocol

Players

Nerchio

  • Race: Zerg Zerg
  • League: Grandmaster

FireCake - Winner!

  • Race: Zerg Zerg
  • League: Master

Event: Gauntlet Monday Night

VOD

Have the link to the VOD?

Description

Time

  • Played on: Jan. 4, 2016, 2:09 p.m.
  • Length: 6:26

All games in this series

Show
View Real Time Build Order
Export as new Build Order

Nerchio Zerg 

Build Orders: Pool First, Zergling Baneling 

Get SALT Encoding   

  12  0:01  Drone  
  13  0:09  Drone  
  14  0:15  Extractor  
  14  0:16  Drone  
  14  0:32  Spawning Pool  
  13  0:36  Drone  
  13  0:42  Extractor  
  13  0:44  Drone  
  15  0:51  Overlord  
  15  1:19  Zergling x6, Queen  
  20  1:27  Metabolic Boost  
  20  1:32  Zergling x2  
  21  1:41  Baneling Nest  
  21  1:45  Zergling x2  
  21  1:57  Overlord  
  21  2:03  Zergling x2  
  22  2:16  Zergling x2  
  23  2:25  Baneling x2  
  23  2:27  Drone x3  
  23  2:28  Drone  
  27  2:31  Baneling  
  27  2:32  Baneling  
  27  2:37  Zergling x2  
  28  2:50  Zergling x2  
  23  3:07  Zergling x2  
  23  3:08  Zergling x4  
  23  3:12  Baneling x2  
  26  3:23  Drone, Baneling  
  26  3:24  Hatchery  
  26  3:29  Drone  
  26  3:30  Baneling  
  26  3:31  Baneling  
  22  3:42  Zergling x4  
  22  3:46  Zergling x2  
  24  3:52  Zergling x2  
  24  3:55  Zergling x2  
  26  4:00  Baneling x3  
  26  4:04  Queen  
  28  4:11  Zergling x2  
  29  4:20  Zergling x2  
  29  4:22  Baneling x2  
  30  4:27  Overlord  
  30  4:29  Hatchery  
  29  4:36  Baneling x2  
  29  4:43  Baneling  
  28  4:52  Zergling x2  
  28  4:53  Zergling x4  
  21  5:11  Baneling x3  
  21  5:13  Drone x2  
  21  5:14  Baneling  
  21  5:17  Drone  
  22  5:27  Zergling x4  
  21  5:38  Zergling x2  
  21  5:39  Zergling x4  
  20  5:44  Zergling x2  
  21  5:50  Baneling  
  21  5:51  Zergling x2  
  21  5:55  Zergling x2  
  23  6:00  Zergling x2  
  23  6:01  Baneling  
  23  6:06  Zergling x2  
Show
View Real Time Build Order
Export as new Build Order

FireCake Zerg - Winner!

Build Orders: Pool First, Zergling Baneling 

Get SALT Encoding   

  12  0:01  Drone  
  13  0:07  Drone  
  14  0:16  Overlord  
  14  0:21  Extractor  
  14  0:23  Drone  
  15  0:34  Drone x2  
  17  0:45  Spawning Pool  
  17  0:47  Drone  
  17  0:54  Extractor  
  17  0:55  Drone  
  17  1:13  Hatchery  
  17  1:16  Drone  
  17  1:31  Queen  
  17  1:32  Zergling x2  
  20  1:35  Drone  
  20  1:39  Drone  
  22  1:49  Overlord  
  22  1:54  Spine Crawler  
  21  2:01  Zergling x2  
  22  2:08  Queen  
  22  2:13  Metabolic Boost  
  24  2:18  Baneling Nest  
  24  2:22  Zergling x4  
  25  2:35  Zergling x2  
  26  2:44  Queen  
  26  2:45  Zergling x4  
  27  3:01  Zergling x6  
  25  3:14  Baneling  
  25  3:15  Baneling x2  
  25  3:18  Zergling x2  
  25  3:19  Zergling x6  
  29  3:30  Overlord  
  28  3:43  Zergling x2  
  28  3:44  Zergling x2  
  27  3:57  Zergling x2  
  27  3:58  Zergling x2  
  27  3:59  Baneling  
  27  4:01  Hatchery  
  28  4:14  Drone x3  
  31  4:19  Baneling x4  
  31  4:25  Baneling x3  
  31  4:27  Baneling  
  31  4:35  Zergling x2  
  31  4:36  Zergling x2  
  33  4:43  Zergling x2  
  33  4:51  Zergling x8  
  32  5:11  Zergling x2  
  32  5:13  Baneling x5  
  32  5:15  Zergling x4  
  32  5:20  Zergling x6  
  37  5:27  Zergling x4  
  34  5:38  Zergling x2  
  34  5:39  Zergling x2  
  34  5:42  Baneling x2  
  32  5:43  Baneling  
  32  5:50  Zergling x8  
  36  6:00  Zergling x6  
Tags
 
Add a new tag
Caveats
  • Supply blocks, unpowered buildings, or Contaminate may cause inaccurate times.
  • Supply counts are checked every 10 seconds.